 Dungeon Crawl Stone Soup version 0.26.1-11-gd32895ea62 (webtiles) character file.

Game seed: 14477675462081838267

161 bnorton916 the Conjurer (level 5, -2/28 HPs)
             Began as a Deep Elf Conjurer on July 16, 2021.
             Killed from afar by an orc wizard (5 damage)
             ... with a puff of frost
             ... on level 3 of the Dungeon.
             The game lasted 00:04:28 (3503 turns).

bnorton916 the Conjurer (Deep Elf Conjurer)         Turns: 3503, Time: 00:04:29

Health: -2/28      AC:  2    Str:  4    XL:     5   Next: 18%
Magic:  2/15       EV: 13    Int: 24    God:
Gold:   88         SH:  0    Dex: 13    Spells: 12/15 levels left

rFire    . . .     SeeInvis .   (no weapon)
rCold    + . .     Faith    .   (no shield)
rNeg     . . .     Spirit   .   a - +0 robe
rPois    +         Reflect  .   (no helmet)
rElec    .         Harm     .   (no cloak)
rCorr    .         Rampage  .   (no gloves)
Will     .....                  (no boots)
Stlth    ++........             (no amulet)
HPRegen  0.09/turn              h - ring of protection from cold
MPRegen  0.14/turn              n - ring of poison resistance

@: no status effects
A: no striking features
a: no special abilities


You were on level 3 of the Dungeon.
You visited 1 branch of the dungeon, and saw 3 of its levels.

You collected 88 gold pieces.

Inventory:

Hand Weapons
 e - a cursed -3 whip
Missiles
 f - 17 poisoned darts
 g - 84 stones
 q - 3 curare-tipped darts
Armour
 a - a +0 robe (worn)
Jewellery
 h - a ring of protection from cold (left hand)
 n - a ring of poison resistance (right hand)
Scrolls
 b - 2 scrolls of identify {unknown}
 j - a scroll of teleportation {unknown}
 k - 2 scrolls of magic mapping {unknown}
 l - a scroll of amnesia {unknown}
 m - a scroll of remove curse {unknown}
Potions
 c - a potion of attraction {unknown}
 d - 3 potions of mutation {unknown}
 i - a potion of brilliance {unknown}
 o - a potion of heal wounds {unknown}
 p - 2 potions of magic {unknown}


   Skills:
 - Level 2.4 Dodging
 - Level 2.4 Stealth
 + Level 5.5 Spellcasting
 + Level 5.9 Conjurations


You had 12 spell levels left.
You knew the following spells:

 Your Spells              Type           Power        Failure   Level
a - Magic Dart            Conj           100%         1%          1
b - Searing Ray           Conj           70%          1%          2

Your spell library contained the following spells:

 Spells                   Type           Power        Failure   Level
 Dazzling Flash           Conj/Hex       42%          8%          3
 Fulminant Prism          Conj/Hex       10%          24%         4
 Iskenderun's Mystic Bla  Conj/Tloc      21%          24%         4


Dungeon Overview and Level Annotations

Branches:
Dungeon (3/15)

Altars:
Elyvilon
Kikubaaqudgha


Message History

You can't see any susceptible monsters within range! (Use Z to cast anyway.)
Casting: Searing Ray (safe; 1% risk of failure)
Confirm with . or Enter, or press ? or * to list all spells.
You don't have enough magic to cast that spell.
Unknown command.
Something hits you but does no damage.
You hear some strange, mumbled words.
A puff of flame appears from out of thin air!
The puff of flame misses you.
You hear some strange, mumbled words.
A puff of flame appears from out of thin air!
The puff of flame hits you!
* * * LOW HITPOINT WARNING * * *
Something hits you but does no damage. Something hits you.
* * * LOW HITPOINT WARNING * * *
You hear some strange, mumbled words.
A puff of frost appears from out of thin air!
The puff of frost hits you. You resist.
You die...

#..## #.## .#
##.###...# ##......#
## ##...##....# #..
#...## #..###.#
##{..#####......#
#####...##.......#..#
#...@.#....# #.....
#<.......#######...#.
#.......##...[.......
#.......##...........
#.....#.##......<..##
#.......##.........#
#.....####..รท......#
#.....##.).........#
#........#.........#


There were no monsters in sight!

Vanquished Creatures
  An orc wizard (D:3)
  Terence (D:3)
  2 adders
  An ooze (D:2)
  A worm (D:3)
  A dart slug (D:1)
  2 leopard geckos (D:1)
  6 orcs (D:3)
  4 giant cockroaches
  9 goblins
  7 hobgoblins
  3 jackals (D:2)
  A quokka (D:2)
  3 ball pythons
  10 bats
  6 frilled lizards
  7 kobolds
  10 rats
75 creatures vanquished.

Notes
Turn   | Place    | Note
-------+----------+-------------------------------------------
     0 | D:1      | bnorton916 the Deep Elf Conjurer began the quest for the
                  | Orb.
     0 | D:1      | Reached XP level 1. HP: 10/10 MP: 6/6
   187 | D:1      | Reached XP level 2. HP: 15/15 MP: 4/8
   944 | D:1      | Reached skill level 5 in Conjurations
   944 | D:1      | Reached XP level 3. HP: 19/19 MP: 4/10
  1387 | D:2      | Learned a level 2 spell: Searing Ray
  1513 | D:2      | Found a white marble altar of Elyvilon.
  2612 | D:2      | Reached XP level 4. HP: 24/24 MP: 10/12
  3008 | D:3      | Found an ancient bone altar of Kikubaaqudgha.
  3010 | D:3      | Noticed Terence
  3026 | D:3      | Killed Terence
  3027 | D:3      | Reached skill level 5 in Spellcasting
  3285 | D:3      | Reached XP level 5. HP: 28/28 MP: 4/14
  3503 | D:3      | Killed from afar by an orc wizard

Illustrated notes

Levels and vault maps discovered:
D:1:      lightli_arrival_farm, layout_loops_ring
D:2:      layout_loops_corners, elyvilon_altar_5
D:3:      kennysheep_goblin_castle, layout_rooms,
          nicolae_overflow_crystal_walls, nicolae_overflow_hidden_temple,
          uniq_terence

Skill      XL: |  1  2  3  4 |
---------------+-------------+-----
Spellcasting   | 4 5 |  5.5
Conjurations   | 5 |  5.9
Dodging        | |  2.4
Stealth        | |  2.4

Action                   |  1- 3 |  4- 6 || total
-------------------------+-------+-------++-------
Melee: Unarmed           |     2 |       ||     2
 Cast: Magic Dart        |    93 |    41 ||   134
       Searing Ray       |       |     5 ||     5
Armor: Robe              |     2 |     1 ||     3
Dodge: Dodged            |    11 |     6 ||    17
